 Dungeon Crawl Stone Soup version 0.29-a0-289-g2178c42546 (webtiles) character file.

Game seed: 8184922432892620367

46 Inarius the Ducker (level 3, 0/17 HPs)
             Began as a Felid Chaos Knight on Mar 17, 2022.
             Was a Plaything of Xom.
             Succumbed to an adder's poison
             ... on level 3 of the Dungeon.
             The game lasted 00:02:58 (2362 turns).

Inarius the Ducker (Felid Chaos Knight)             Turns: 2362, Time: 00:02:58

Health: 0/17       AC:  1    Str: 12 (14) XL:     3   Next: 46%
Magic:  4/4        EV: 18    Int: 10 (13) God:    Xom [..*...]
Gold:   165        SH:  0    Dex: 14 (17) Spells: 2/3 levels left
                                        Lives:  0   Deaths: 0

rFire   . . .      SeeInvis +     - Unarmed
rCold   . . .      Faith    .   (shield unavailable)
rNeg    . . .      Spirit   .   (body armour unavailable)
rPois   .          Reflect  .   (helmet unavailable)
rElec   .          Harm     .   (cloak unavailable)
rCorr   .          Rampage  .   (gloves unavailable)
Will    .....                   (boots unavailable)
Stlth   ++........              (no amulet)
HPRegen 0.05/turn               b - +6 ring of strength
MPRegen 0.09/turn               (no ring)

@: lethally poisoned (0 -> -3), quick
A: very small, claws 1, fangs 3, see invisible, speed 1, shaggy fur 1, stealthy
paws, no weapons or thrown items, no armour, multi-lived
a: Renounce Religion


You were on level 3 of the Dungeon.
You worshipped Xom.
You were a toy of Xom.
You visited 1 branch of the dungeon, and saw 3 of its levels.

You collected 165 gold pieces.

Inventory:

Jewellery
 b - a +6 ring of strength (left paw)
Scrolls
 c - 3 scrolls of teleportation {unknown}
 d - a scroll of immolation {unknown}
 e - a scroll of identify {unknown}
Miscellaneous
 a - a piece from Xom's chessboard (15/15) (quivered)


   Skills:
 + Level 3.3 Fighting
 + Level 3.9 Dodging
 * Level 0.6 Stealth
 + Level 3.6 Unarmed Combat
 * Level 0.5 Spellcasting
 * Level 0.3 Transmutations


You had 2 spell levels left.
You knew the following spells:

 Your Spells              Type           Power      Damage    Failure   Level
a - Beastly Appendage     Tmut           0%         N/A       32%         1

Your spell library contained the following spells:

 Spells                   Type           Power      Damage    Failure   Level
 Wereblood                Tmut           0%         N/A       43%         2
 Spider Form              Tmut/Pois      0%         N/A       71%         3


Dungeon Overview and Level Annotations

Branches:
Dungeon (3/15)

Altars:


Innate Abilities, Weirdness & Mutations

You have sharp claws.
You have razor-sharp teeth.
You have supernaturally acute eyesight. (SInv)
You cover ground quickly. (Speed+)
You are covered in fur. (AC +1)
Your paws help you pounce on unaware monsters.
You are incapable of wielding weapons or throwing items.
You cannot wear armour.
You gain extra lives every three experience levels.


Message History

There is a stone staircase leading down here.
There is a stone staircase leading down here.
You climb downwards.
Found a gold piece.
There is a stone staircase leading up here.
You now have 165 gold pieces (gained 1).
Found a robe.
An adder comes into view.
The adder hisses angrily.
You miss the adder. You bite the adder.
The adder is moderately wounded.
The adder bites you.
You are poisoned.
The adder poisons you! The adder bites you.
You are lethally poisoned!
The adder poisons you!
You miss the adder.
The adder is moderately wounded.
You feel very sick. The adder misses you.
It was a potion of degeneration.
There was something very wrong with that liquid.
You feel weakened.
You feel dopey.
You feel clumsy.
You feel sick. The adder closely misses you.
* * * LOW HITPOINT WARNING * * *
You feel sick.
You closely miss the adder.
The adder is moderately wounded.
* * * LOW HITPOINT WARNING * * *
You feel sick. The adder bites you.
* * * LOW HITPOINT WARNING * * *
You claw the adder!
You kill the adder!
* * * LOW HITPOINT WARNING * * *
You feel sick.
There is a lethal amount of poison in your body!
* * * LOW HITPOINT WARNING * * *
You feel sick.
You die...
Xom is highly amused!

. ##.. .....
...#######..#
#..........#.#
#####........
########...@.[#.....
#.....#..###### ...
#.......## .
#...<.### #.....#
#.....## #......#
######.# #.#


There were no monsters in sight!

Vanquished Creatures
  An adder (D:3)
  A dart slug (D:2)
  10 bats
  5 endoplasms
  A giant cockroach (D:2)
  4 hobgoblins
  A quokka (D:1)
  3 ball pythons
  A frilled lizard (D:1)
  2 goblins (D:1)
  3 kobolds
  2 rats
34 creatures vanquished.

Notes
Turn   | Place    | Note
-------+----------+-------------------------------------------
     0 | D:1      | Inarius the Felid Chaos Knight began the quest for the Orb.
     0 | D:1      | Reached XP level 1. HP: 10/10 MP: 2/2
    41 | D:1      | XOM: potion effect (berserk rage)
   435 | D:1      | Reached XP level 2. HP: 10/14 MP: 3/3
   620 | D:1      | Learned a level 1 spell: Beastly Appendage
  1185 | D:2      | Reached XP level 3. HP: 17/17 MP: 4/4
  1215 | D:2      | XOM: silly message
  1403 | D:2      | XOM: divination: magic mapping
  1456 | D:2      | XOM is BORED!
  1456 | D:2      | XOM: noise
  1858 | D:2      | XOM is BORED!
  2362 | D:3      | Succumbed to an adder's poison

Illustrated notes

Levels and vault maps discovered:
D:1:      minmay_arrival_cross, layout_rooms
D:2:      layout_loops_corners
D:3:      layout_rooms, gammafunk_ghost_smash, minmay_misc_feat_nine_boxes,
          grunt_decor_junction, kennysheep_generic_room_2

Action                   || total
-------------------------++-------
Melee: Unarmed           ||    80
       Bite              ||     4
  Use: Potion            ||     1
 Stab: Sleeping          ||     3
Armor: Skin              ||    11
Dodge: Dodged            ||    79

Table legend: (Time is in decaauts)
 A = Elapsed time spent in this place.
 B = Non-inter-level travel time spent in this place.
 C = Inter-level travel time spent in this place.
 D = Time resting spent in this place.
 E = Time spent auto-exploring this place.
 F = Levels seen in this place.
 G = Mean time per level.
                   A        B        C        D        E       F      G
               +--------+--------+--------+--------+--------+-----+--------+
         Total |   2124 |   2059 |     65 |    822 |    975 |   3 |  708.0 |
       Dungeon |   2124 |   2059 |     65 |    822 |    975 |   3 |  708.0 |
               +--------+--------+--------+--------+--------+-----+--------+

Top non-repeatable levels by time:
     D:2: 1188 daAuts
     D:1: 902 daAuts
     D:3: 34 daAuts
